 Dungeon Crawl Stone Soup version 0.17-a0-1582-ge6b0260 (webtiles) character file.

93 urechis the Magician (level 4, 0/24 HPs)
             Began as a Gargoyle Wizard on July 27, 2015.
             Slain by a gnoll
             ... wielding a +0 spear
              (7 damage)
             ... on level 3 of the Dungeon.
             The game lasted 00:03:21 (2041 turns).

urechis the Magician (Gargoyle Wizard)              Turns: 2041, Time: 00:03:21

Health: 0/24       AC:  5    Str: 11    XL:     4   Next: 61%
Magic:  9/9        EV:  6    Int: 19    God:
Gold:   124        SH:  0    Dex:  8    Spells: 1 memorised, 9 levels left

rFire  . . .     SeeInvis .     m - +2 dagger (venom)
rCold  . . .     Clarity  .     a - +0 robe
rNeg   + . .     SustAt   .     (no shield)
rPois  ∞         Gourm    .     b - +0 hat
rElec  +         Spirit   .     (no cloak)
rCorr  .         Warding  .     (no gloves)
rMut   .         Stasis   .     (no boots)
MR     .....                    (no amulet)
Stlth  ++........               (no ring)
                                (no ring)

@: not resistant to hostile enchantments, unstealthy
A: negative energy resistance 1, electricity resistance, unbreathing,
petrification resistance, rot immunity, AC +3
a: no special abilities


You were on level 3 of the Dungeon.
You were hungry.

You visited 1 branch of the dungeon, and saw 3 of its levels.

You collected 124 gold pieces.

Inventory:

Hand weapons
 m - a +2 dagger of venom (weapon)
Armour
 a - a +0 robe (worn)
 b - a +0 hat (worn)
Scrolls
 e - 2 scrolls of identify {unknown}
 g - a scroll of fear {unknown}
 h - 2 scrolls of enchant weapon {unknown}
 j - a scroll of fog {unknown}
 l - a scroll of blinking {unknown}
Potions
 i - a potion of agility {unknown}
 n - a potion of heal wounds {unknown}
Books
 c - a book of Minor Magic

   Spells                             Type                      Level
   a - Magic Dart                     Conjuration                  1
   b - Blink                          Translocation                2
   c - Call Imp                       Summoning                    2
   d - Repel Missiles                 Charms/Air                   2
   e - Slow                           Hexes                        2
   f - Conjure Flame                  Conjuration/Fire             3
   g - Mephitic Cloud                 Conjuration/Poison/Air       3
Comestibles
 d - 2 bread rations
 f - a meat ration
 k - a royal jelly
 o - 2 chunks of flesh
 p - a beef jerky


   Skills:
 - Level 1.5 Dodging
 - Level 2.1 Stealth
 + Level 3.9 Spellcasting
 * Level 3.5 Conjurations
   Level 0.8 Summonings
   Level 0.8 Translocations


You had 9 spell levels left.
You knew the following spells:

 Your Spells              Type           Power        Failure   Level  Hunger
a - Magic Dart            Conj           ###.         3%          1    None


Dungeon Overview and Level Annotations

Branches:
Dungeon (3/15)

Altars:


Innate Abilities, Weirdness & Mutations

You are resistant to torment.
Your stone body is resilient (AC +3).
You are immune to poison.
You resist negative energy.
You are resistant to electric shocks.
You can survive without breathing.
You are immune to petrification.
You are immune to rotting.


Message History

The jackal closely misses you.
You barely miss the jackal.
The jackal is moderately wounded.
The jackal bites you. The jackal closely misses you.
You hit the jackal.
The jackal is poisoned.
The jackal is almost dead.
You kill the jackal!
You hit the jackal.
You kill the jackal!
The gnoll barely misses you. The gnoll closely misses you.
Things that are here:
a jackal corpse x2
You hit the gnoll but do no damage. The gnoll hits you with a spear!
You closely miss the gnoll. The gnoll hits you with a spear.
* * * LOW HITPOINT WARNING * * *
The gnoll hits you but does no damage.
There is a stone staircase leading up here.
The gnoll hits you from afar with a spear!
You die...

#.# ..# ... ..
.... #. ....
#.## ..... #..#
....[ #@#####
......
#..g.o##......
######..(..$...
.......<.......
..#...h.#......
..(J..h## .....
....... .###
....).. ..
....... .#


You could see a gnoll and an orc.

Vanquished Creatures
  Ijyb (D:2)
  An adder (D:2)
  An ooze (D:1)
  A worm (D:2)
  A giant gecko (D:2)
  3 bats
  6 goblins (D:2)
  3 hobgoblins
  9 jackals
  A quokka (D:2)
  A ball python (D:2)
  5 giant newts
  7 kobolds
  7 rats
47 creatures vanquished.

Notes
Turn   | Place    | Note
--------------------------------------------------------------
     0 | D:1      | urechis the Gargoyle Wizard began the quest for the Orb.
     0 | D:1      | Reached XP level 1. HP: 10/10 MP: 4/4
   243 | D:1      | Reached XP level 2. HP: 15/15 MP: 0/6
  1024 | D:2      | Noticed Ijyb
  1040 | D:2      | Killed Ijyb
  1040 | D:2      | Reached XP level 3. HP: 11/19 MP: 0/8
  1142 | D:2      | Reached XP level 4. HP: 18/24 MP: 3/9
  2041 | D:3      | Slain by a gnoll

Vault maps used:
D:1:      ncdulo_smallfort, serial_forest, infiniplex_forest_straight_3,
          infiniplex_forest_clump_medium, infiniplex_forest_join,
          infiniplex_forest_straight_4, infiniplex_forest_lined_corner,
          infiniplex_forest_corner_1
D:2:      first_bread, uniq_iyjb
D:3:      uniq_grinder

Action                   |  1- 3 |  4- 6 || total
-------------------------+-------+-------++-------
Melee: Unarmed           |     7 |       ||     7
       Short sword       |    26 |     5 ||    31
       Dagger            |       |    94 ||    94
 Cast: Magic Dart        |    33 |    12 ||    45
 Stab: Sleeping          |     1 |       ||     1
  Eat: Chunk             |     1 |     2 ||     3
